 Dungeon Crawl Stone Soup version 0.29-a0-330-g52719c12eb (webtiles) character file.

Game seed: 3016762681820377997

4 Flugslaktarn the Stinger (level 1, 0/13 HPs)
             Began as a Human Venom Mage on Apr 13, 2022.
             Slain by a hobgoblin (1 damage)
             ... on level 1 of the Dungeon.
             The game lasted 00:00:10 (33 turns).

Flugslaktarn the Stinger (Human Venom Mage)           Turns: 33, Time: 00:00:10

Health: 0/13       AC:  2    Str:  8    XL:     1   Next: 66%
Magic:  3/3        EV: 12    Int: 15    God:
Gold:   0          SH:  0    Dex: 13    Spells: 3/4 levels left

rFire   . . .      SeeInvis .   (no weapon)
rCold   . . .      Faith    .   (no shield)
rNeg    . . .      Spirit   .   a - +0 robe
rPois   .          Reflect  .   (no helmet)
rElec   .          Harm     .   (no cloak)
rCorr   .          Rampage  .   (no gloves)
Will    .....                   (no boots)
Stlth   ++........              (no amulet)
HPRegen 0.04/turn               (no ring)
MPRegen 0.08/turn               (no ring)

@: no status effects
A: no striking features
a: no special abilities


You were on level 1 of the Dungeon.
You visited 1 branch of the dungeon, and saw 1 of its levels.

Inventory:

Armour
 a - a +0 robe (worn)


   Skills:
 - Level 2.0 Dodging
 - Level 2.0 Stealth
 - Level 2.0 Spellcasting
 + Level 1.6 Transmutations
 - Level 3.0 Poison Magic


You had 3 spell levels left.
You knew the following spells:

 Your Spells              Type           Power      Damage    Failure   Level
a - Sting                 Tmut/Pois      32%        1d4       9%          1

Your spell library contained the following spells:

 Spells                   Type           Power      Damage    Failure   Level
 Poisonous Vapours        Pois/Air       12%        N/A       19%         2
 Mephitic Cloud           Conj/Pois/Air  4%         N/A       41%         3
 Olgreb's Toxic Radiance  Pois           10%        N/A       54%         4


Dungeon Overview and Level Annotations

Branches:
Dungeon (1/15)

Altars:


Message History

Welcome, Flugslaktarn the Human Venom Mage.
Are you destined to find the splendid Orb of Zot, or to die trying?
Press ? for a list of commands and other information.
Found a staircase leading out of the dungeon.
You enter the shallow water.
Moving in this stuff is going to be slow.
You open the door.
There is an open door here.
A hobgoblin, a kobold and a ball python come into view.
The kobold shouts!
The ball python hisses angrily.
A rat comes into view.
Casting: Sting (safe; 10% risk of failure)
Confirm with . or Enter, or press ? or * to list all spells.
Aiming: Sting (safe; 10% risk of failure)
Press: ? - help, Shift-Dir - straight line, f - kobold
Aim: a kobold, wielding a +0 dagger (60% to hit)
The sting hits the kobold.
The kobold is poisoned.
You kill the kobold!
A giant cockroach comes into view.
Casting: Sting (safe; 10% risk of failure)
Confirm with . or Enter, or press ? or * to list all spells.
Aiming: Sting (safe; 10% risk of failure)
Press: ? - help, Shift-Dir - straight line, f - ball python
Aim: a ball python (64% to hit)
The sting hits the ball python.
The ball python is poisoned.
The ball python is moderately wounded.
The ball python bites you. The ball python closely misses you.
The ball python bites you. The ball python grabs you.
The ball python constricts you.
You escape the ball python's grasp.
You kill the ball python!
Casting: Sting (safe; 10% risk of failure)
Confirm with . or Enter, or press ? or * to list all spells.
Aiming: Sting (safe; 10% risk of failure)
Press: ? - help, Shift-Dir - straight line, f - giant cockroach
Aim: a giant cockroach (68% to hit)
The sting hits the giant cockroach.
The giant cockroach is poisoned.
The giant cockroach is moderately wounded.
You kill the giant cockroach!
Casting: Sting (safe; 9% risk of failure)
Confirm with . or Enter, or press ? or * to list all spells.
You don't have enough magic to cast this spell.
You barely miss the rat.
The rat twitches its whiskers.
The rat misses you.
You hit the rat.
The rat is moderately wounded.
The rat bites you.
You barely miss the rat.
The rat is moderately wounded.
The rat twitches its whiskers.
The rat barely misses you.
Casting: Sting (safe; 9% risk of failure)
Confirm with . or Enter, or press ? or * to list all spells.
Aiming: Sting (safe; 9% risk of failure)
Press: ? - help, Shift-Dir - straight line, f - rat
Aim: a rat (moderately wounded, 68% to hit)
The sting hits the rat.
The rat is poisoned.
You kill the rat!
You closely miss the hobgoblin. The hobgoblin hits you.
You hit the hobgoblin but do no damage. The hobgoblin closely misses you.
You hit the hobgoblin but do no damage. The hobgoblin misses you.
You closely miss the hobgoblin. The hobgoblin hits you.
You closely miss the hobgoblin. The hobgoblin hits you.
* * * LOW HITPOINT WARNING * * *
You barely miss the hobgoblin. The hobgoblin barely misses you.
Magic courses through your body. The hobgoblin hits you.
You die...

#### ≈≈≈ # #≈###
# #≈#≈<≈#≈#
#.#######≈≈≈≈≈≈≈#
.......####'####
#####....g@..#
###...#...######
..........#
........r.#
..........#
..........#
.....##...# .....
+...... ....
..)......


You could see a hobgoblin.

Vanquished Creatures
  A giant cockroach (D:1)
  A kobold (D:1)
  A ball python (D:1)
  A rat (D:1)
4 creatures vanquished.

Notes
Turn   | Place    | Note
-------+----------+-------------------------------------------
     0 | D:1      | Flugslaktarn the Human Venom Mage began the quest for the
                  | Orb.
     0 | D:1      | Reached XP level 1. HP: 13/13 MP: 3/3
    33 | D:1      | Slain by a hobgoblin

Illustrated notes

Levels and vault maps discovered:
D:1:      ncdulo_wetmaze, layout_basic, minmay_indecisive_spiral

Action                   || total
-------------------------++-------
Melee: Unarmed           ||     9
 Cast: Sting             ||     4
  Use: Potion            ||     1
Dodge: Dodged            ||     6

Table legend: (Time is in decaauts)
 A = Elapsed time spent in this place.
 B = Non-inter-level travel time spent in this place.
 C = Inter-level travel time spent in this place.
 D = Time resting spent in this place.
 E = Time spent auto-exploring this place.
 F = Levels seen in this place.
 G = Mean time per level.
                   A        B        C        D        E       F      G
               +--------+--------+--------+--------+--------+-----+--------+
         Total |     33 |     33 |      0 |      0 |      0 |   1 |   33.0 |
       Dungeon |     33 |     33 |      0 |      0 |      0 |   1 |   33.0 |
               +--------+--------+--------+--------+--------+-----+--------+

Top non-repeatable levels by time:
     D:1: 33 daAuts
